 Dungeon Crawl Stone Soup version 0.18-a0-1572-g0a86841 (webtiles) character file.

53 Geeful the Bolt Thrower (level 4, -5/27 HPs)
             Began as a Kobold Hunter on Mar 15, 2016.
             Slain by Toonster's ghost (12 damage)
             ... on level 3 of the Dungeon.
             The game lasted 00:04:16 (1272 turns).

Geeful the Bolt Thrower (Kobold Hunter)             Turns: 1272, Time: 00:04:16

Health: -5/27      AC:  6    Str: 10    XL:     4   Next: 10%
Magic:  4/4        EV: 14    Int:  9    God:
Gold:   90         SH:  0    Dex: 17    Spells: 0 memorised, 3 levels left

rFire  . . .     SeeInvis .     b - +0 rapier
rCold  . . .     Gourm    .     s - +0 ring mail
rNeg   . . .     Faith    .     (shield restricted)
rPois  .         Spirit   .     q - +0 helmet
rElec  .         Dismiss  .     (no cloak)
rCorr  +         Reflect  .     (no gloves)
SustAt .         Harm     .     (no boots)
MR     .....                    k - amulet of rage
Stlth  ++........               (no ring)
                                n - ring of resist corrosion

@: not resistant to hostile enchantments, unstealthy
A: carnivore 3
a: Evoke Berserk Rage


You were on level 3 of the Dungeon.
You were completely stuffed.

You visited 1 branch of the dungeon, and saw 3 of its levels.

You collected 90 gold pieces.

Inventory:

Hand Weapons
 a - a +1 hand crossbow
 b - a +0 rapier (weapon)
Missiles
 d - 4 bolts
 l - 3 curare-tipped needles
 o - 26 poisoned needles
Armour
 q - a +0 helmet (worn)
 s - a +0 ring mail (worn)
Jewellery
 k - an amulet of rage (around neck)
 n - a ring of resist corrosion (left hand)
Scrolls
 e - a scroll of teleportation
 h - 2 scrolls of immolation
 i - 2 scrolls of remove curse
 p - a scroll of identify
Potions
 c - a potion of brilliance {unknown}
 g - 3 potions of curing
 m - a potion of lignification {unknown}
Comestibles
 f - 2 meat rations
 j - a beef jerky
 r - 3 chunks of flesh


   Skills:
 + Level 2.9 Fighting
 + Level 5.4 Crossbows
 + Level 3.1 Dodging
 - Level 2.5 Stealth


You had 3 spell levels left.
You didn't know any spells.

Dungeon Overview and Level Annotations

Branches:
Dungeon (3/15)

Altars:
Cheibriados

Annotations:
D:3 Toonster's ghost, amateur DsGl


Innate Abilities, Weirdness & Mutations

You are small and have problems with some larger weapons.
You are carnivorous and can eat meat at any time.


Message History

Press: ? - help, Shift-Dir - straight line, f/p - Toonster's ghost
Aim: Toonster's ghost (heavily damaged)
You shoot a bolt.
The bolt completely misses Toonster's ghost.
Toonster's ghost barely misses you. Toonster's ghost hits you!
Firing (i - inventory):
d - 5 bolts (quivered)
Press: ? - help, Shift-Dir - straight line, f/p - Toonster's ghost
Aim: Toonster's ghost (heavily damaged)
You shoot a bolt.
The bolt hits Toonster's ghost but does no damage.
Toonster's ghost is heavily damaged.
Toonster's ghost hits you!
* * * LOW HITPOINT WARNING * * *
b - a +0 rapier (weapon)
You fail to use your ability.
Toonster's ghost makes a sound of rattling chains.
Toonster's ghost hits you.
* * * LOW HITPOINT WARNING * * *
You fail to use your ability.
Toonster's ghost hits you!
You die...

.#....# ... .#....### ##..
.. .#......### #.. ...
.)........###.# #.#
..>.....#.....# #.#
........# #)..####.#
).......###.#...##.########
........##..###.##.#.......
...........## #.@W.#.......
........#### ###..........
........# ##.$(...(((
........# ###.....(.
........# ....... #########
....... ......> .......
#######


You could see Toonster's ghost.

Vanquished Creatures
  3 adders
  A dart slug (D:2)
  2 worms (D:2)
  2 bats
  A giant cockroach (D:1)
  3 hobgoblins
  4 jackals (D:2)
  A giant newt (D:1)
  2 rats (D:2)
19 creatures vanquished.

Notes
Turn   | Place    | Note
--------------------------------------------------------------
     0 | D:1      | Geeful the Kobold Hunter began the quest for the Orb.
     0 | D:1      | Reached XP level 1. HP: 12/12 MP: 1/1
   701 | D:2      | Reached XP level 2. HP: 18/18 MP: 2/2
   763 | D:2      | Reached skill level 5 in Crossbows
   775 | D:2      | Found a snail-covered altar of Cheibriados.
   880 | D:2      | Reached XP level 3. HP: 22/22 MP: 3/3
  1253 | D:3      | Noticed Toonster's ghost (amateur DsGl)
  1255 | D:3      | Reached XP level 4. HP: 27/27 MP: 4/4
  1272 | D:3      | Slain by Toonster's ghost

Vault maps used:
D:1:      shiori_arrival_oz, minmay_misc_feat_doors
D:2:      cheibriados_altar_1, first_bread
D:3:      overflow_temple_1_default, item_on_display_a

Skill      XL: |  1  2  3 |
---------------+----------+-----
Crossbows      | 5 |  5.4
Stealth        | 2 |  2.5
Dodging        | 3 |  3.1
Fighting       | |  2.9

Action                   |  1- 3 |  4- 6 || total
-------------------------+-------+-------++-------
 Fire: Hand crossbow     |    42 |    10 ||    52
  Use: Scroll            |     5 |       ||     5
  Eat: Chunk             |     9 |       ||     9
